 Dungeon Crawl Stone Soup version 0.31-a0-1027-gfb7600b (webtiles) character file.

Game seed: 3704721245653636140

109 Partyfoot the Ruffian (level 4, -7/32 HPs)
             Began as a Demonspawn Shapeshifter on Nov 17, 2023.
             Mangled by a gnoll
             ... wielding a +0 flail
              (10 damage)
             ... on level 3 of the Dungeon.
             The game lasted 00:05:22 (1833 turns).

Partyfoot the Ruffian (Demonspawn Shapeshifter)     Turns: 1833, Time: 00:05:23

Health: -7/32      AC:  2    Str: 22    XL:     4   Next: 60%
Magic:  4/4        EV: 12    Int: 12    God:
Gold:   105        SH:  0    Dex: 12    Spells: 3/3 levels left

rFire   . .          .
                       - Unarmed
rCold   . . .        (no shield)
rNeg    . . .        a - +0 animal skin
rPois   .            (helmet currently unavailable)
rElec   .            (cloak currently unavailable)
rCorr   .            (gloves currently unavailable)
SInv    .            (boots currently unavailable)
Will    .....        (no amulet)
Stlth   +            p - +6 ring of strength
HPRegen 0.25/turn    (no ring)
MPRegen 0.09/turn

%: no passive effects
@: beast-form
A: beast (slay +1), demonic guardian 1, sturdy frame 2
a: Begin Untransformation


You were on level 3 of the Dungeon.
You were a hulking beast.
You visited 1 branch of the dungeon, and saw 3 of its levels.

You collected 141 gold pieces.
You spent 36 gold pieces at shops.

Inventory:

Armour
 a - a +0 animal skin (worn)
 b - the +1 pair of gloves of Gestures {rC+}
   (You found it on level 2 of the Dungeon)

   rC+:       It protects you from cold.
 e - a +0 helmet
Jewellery
 m - a +6 ring of intelligence
 p - a +6 ring of strength (left hand)
Talismans
 c - a beast talisman
 d - a flux talisman
Scrolls
 g - 2 scrolls of fog {unknown}
 i - a scroll of amnesia {unknown}
 j - 3 scrolls of teleportation
 k - a scroll of vulnerability {unknown}
 o - a scroll of identify {unknown}
Potions
 f - a potion of mutation {unknown}
 h - 2 potions of heal wounds {unknown}
 l - 3 potions of curing {unknown}
 n - a potion of might {unknown}


   Skills:
 - Level 1.0 Fighting
 - Level 1.7 Dodging
 + Level 4.9 Unarmed Combat
 - Level 2.6 Shapeshifting


You had 3 spell levels left.
You didn't know any spells.
Your spell library was empty.

Dungeon Overview and Level Annotations

Branches:
Dungeon (3/15)

Altars:
Ashenzari
Yredelemnul

Shops:
D:2 ?


Innate Abilities, Weirdness & Mutations

You are a hulking beast.
Your limbs bulge with bestial killing power. (Slay +1)
A weak demonic guardian rushes to your aid.
Your movements are less encumbered by armour. (ER -4)


Message History

The bat is severely wounded.
The bat barely misses you. The bat hits you but does no damage.
The bat misses you. The bat barely misses you.
You see here a worm corpse.
You punch the bat!
You kill the bat!
There is a stone staircase leading up here.
A hobgoblin and a gnoll come into view.
The gnoll shouts!
A gnoll comes into view. It is wielding a +0 flail.
You hit the hobgoblin.
The hobgoblin is lightly wounded.
You punch the hobgoblin!
You kill the hobgoblin!
The gnoll closely misses you. The gnoll attacks as it pursues you!
The gnoll misses you. The gnoll attacks as it pursues you!
The gnoll barely misses you. The gnoll hits you with a +0 halberd.
You closely miss the gnoll. The gnoll misses you.
You barely miss the gnoll. The gnoll barely misses you.
You barely miss the gnoll. The gnoll misses you.
You punch the gnoll!
The gnoll is severely wounded.
The gnoll hits you with a +0 halberd!
You hit the gnoll.
You kill the gnoll!
You hit the gnoll.
The gnoll is lightly wounded.
The gnoll hits you with a +0 flail!
* * * LOW HITPOINT WARNING * * *
You hit the gnoll.
The gnoll is moderately wounded.
The gnoll hits you with a +0 flail.
* * * LOW HITPOINT WARNING * * *
A demonic guardian appears!
You hit the gnoll.
The gnoll is heavily wounded.
The gnoll hits you with a +0 flail!
You die...

##########
.........#
.........#
.........#
......!..#
.........#
...:.....#########
..........5gh....#
#
.........#######.#
.##..........# #.#
.........##### #.#
.......#. #.#
.......# ######
#.# . .#.. ##....#
#.# ...
##.##..####.# ...#
##..##.....#.#


You could see a gnoll (ally target) and a friendly iron imp (summoned).

Vanquished Creatures
  3 gnolls (D:3)
  2 adders
  3 worms
  4 dart slugs
  An orc (D:3)
  3 endoplasms
  A goblin (D:1)
  3 hobgoblins
  5 jackals (D:1)
  2 quokkas
  2 ball pythons
  6 bats
  3 frilled lizards
  5 kobolds
  5 rats
48 creatures vanquished.

Vanquished Creatures (collateral kills)
  A goblin (D:1)
1 creature vanquished.

Grand Total: 49 creatures vanquished

Notes
Turn   | Place    | Note
-------+----------+-------------------------------------------
     0 | D:1      | Partyfoot the Demonspawn Shapeshifter began the quest for
                  | the Orb.
     0 | D:1      | Reached XP level 1. HP: 15/15 MP: 1/1
    43 | D:1      | Found a faded altar of an unknown god.
   110 | D:1      | Reached skill level 3 in Unarmed Combat
   153 | D:1      | Gained mutation: A weak demonic guardian rushes to your
                  | aid. [demonic ancestry]
   153 | D:1      | Reached XP level 2. HP: 19/21 MP: 2/2
   566 | D:2      | Gained mutation: Your movements are slightly less
                  | encumbered by armour. (ER -2) [demonic ancestry]
   566 | D:2      | Reached XP level 3. HP: 3/26 MP: 3/3
   693 | D:2      | Identified the +1 pair of gloves of Gestures {rC+}
   715 | D:2      | Reached skill level 4 in Unarmed Combat
   885 | D:2      | Found Xewairph's Magic Scroll Boutique.
   890 | D:2      | Bought a scroll of teleportation for 36 gold pieces
  1459 | D:3      | Found a broken altar of Ashenzari.
  1544 | D:3      | Gained mutation: Your movements are less encumbered by
                  | armour. (ER -4) [demonic ancestry]
  1544 | D:3      | Reached XP level 4. HP: 16/32 MP: 4/4
  1771 | D:3      | Found a basalt altar of Yredelemnul.
  1833 | D:3      | Mangled by a gnoll

Illustrated notes

Levels and vault maps discovered:
D:1:      dpeg_arrival_long_road, layout_rooms,
          chequers_ecumenical_altar_simple_redux
D:2:      layout_loops_cross, serial_shops, shop, chequers_serial_rivers_marsh
D:3:      layout_loops_ring, nicolae_ashenzari_panopticon,
          yredelemnul_altar_generic, mainiacjoe_overflow_alcove_2, st_stairs_8,
          minmay_ogre_servants

Skill      XL: |  1  2  3 |
---------------+----------+-----
Unarmed Combat | 3 4 |  4.9
Fighting       | |  1.0
Dodging        | |  1.7
Shapeshifting  | |  2.6

Action                     |  1- 3 |  4- 6 || total
---------------------------+-------+-------++-------
  Melee: Unarmed           |   127 |    34 ||   161
         Punch             |     1 |       ||     1
    Use: Potion            |     1 |       ||     1
   Stab: Sleeping          |     2 |       ||     2
 Armour: Animal skin       |    54 |    16 ||    70
  Dodge: Dodged            |    66 |    21 ||    87

Table legend: (Time is in decaauts)
 A = Elapsed time spent in this place.
 B = Non-inter-level travel time spent in this place.
 C = Inter-level travel time spent in this place.
 D = Time resting spent in this place.
 E = Time spent auto-exploring this place.
 F = Levels seen in this place.
 G = Mean time per level.
                   A        B        C        D        E       F      G
               +--------+--------+--------+--------+--------+-----+--------+
         Total |   1823 |   1737 |     86 |    118 |   1250 |   3 |  607.7 |
       Dungeon |   1823 |   1737 |     86 |    118 |   1250 |   3 |  607.7 |
               +--------+--------+--------+--------+--------+-----+--------+

Top non-repeatable levels by time:
     D:2: 786 daAuts
     D:1: 522 daAuts
     D:3: 514 daAuts
